 Dungeon Crawl Stone Soup version 0.26.0-10-g1f06aea511 (webtiles) character file.

Game seed: 15478671407687205625

3182 Dirian the Carver (level 9, -8/79 HPs)
             Began as a Minotaur Fighter on Jan 14, 2021.
             Was a Believer of Zin.
             Mangled by a komodo dragon (15 damage)
             ... on level 8 of the Dungeon.
             The game lasted 00:10:38 (7758 turns).

Dirian the Carver (Minotaur Fighter)                Turns: 7758, Time: 00:10:39

Health: -8/79      AC: 12    Str: 22    XL:     9   Next: 64%
Magic:  10/10      EV:  6    Int:  5    God:    Zin [**....]
Gold:   368        SH: 11    Dex: 12    Spells: 8/8 levels left

rFire    . . .     SeeInvis .   a - +1 long sword
rCold    . . .     Faith    .   c - +1 kite shield
rNeg     . . .     Spirit   .   p - +0 chain mail
rPois    .         Reflect  .   (helmet restricted)
rElec    .         Harm     .   (no cloak)
rCorr    .         Rampage  .   l - +0 pair of gloves
Will     .....                  (no boots)
Stlth    ..........             (no amulet)
HPRegen  0.23/turn              i - ring of flight
MPRegen  0.12/turn              (no ring)

@: no status effects
A: retaliatory headbutt, horns 2
a: Renounce Religion, Evoke Flight, Recite, Vitalisation, Donate Gold


You were on level 8 of the Dungeon.
You worshipped Zin.
Zin was pleased with you.
You visited 2 branches of the dungeon, and saw 9 of its levels.

You collected 408 gold pieces.
You donated 40 gold pieces to Zin.

Inventory:

Hand Weapons
 a - a +1 long sword (weapon)
Armour
 c - a +1 kite shield (worn)
 l - a +0 pair of gloves (worn)
 p - a +0 chain mail (worn)
Jewellery
 f - an uncursed ring of fire
 i - a ring of flight (left hand)
Scrolls
 b - 2 scrolls of immolation
 g - a scroll of enchant weapon
 m - 3 scrolls of magic mapping
 r - 5 scrolls of identify
 t - 3 scrolls of teleportation
 x - 3 scrolls of remove curse
 z - a scroll of blinking
Potions
 e - 2 potions of flight
 h - a potion of cancellation
 n - a potion of invisibility
 o - a potion of attraction
 q - 6 potions of curing
 w - 4 potions of heal wounds


   Skills:
 + Level 7.3 Fighting
 + Level 11.1 Long Blades
 + Level 9.0 Armour
 - Level 5.1 Shields
 * Level 3.6 Invocations


You had 8 spell levels left.
You didn't know any spells.
Your spell library contained the following spells:

 Spells                   Type           Power        Failure   Level
 Corona                   Hex            0%           100%        1
 Ensorcelled Hibernation  Hex/Ice        0%           100%        2
 Confusing Touch          Hex            0%           100%        3
 Dazzling Flash           Conj/Hex       0%           100%        3
 Tukima's Dance           Hex            0%           100%        3


Dungeon Overview and Level Annotations

Branches:
Dungeon (8/15)             Temple (1/1) D:6            Lair (0/6) D:8

Altars:
Cheibriados
Dithmenos
Elyvilon
Fedhas
Gozag
Hepliaklqana
Kikubaaqudgha
Makhleb
Nemelex Xobeh
Okawaru
Qazlal
Ru
Sif Muna
Trog
Uskayaw
Vehumet
Wu Jian
Yredelemnul
Zin
The Shining One
Lugonu

Portals:
Abyss: D:4


Innate Abilities, Weirdness & Mutations

You reflexively headbutt those who attack you in melee.
You have a pair of horns on your head.


Message History

You block the komodo dragon's attack.
You hit the komodo dragon.
The komodo dragon is moderately wounded.
You block the komodo dragon's attack.
You barely miss the komodo dragon.
The komodo dragon is moderately wounded.
The komodo dragon bites you.
You barely miss the komodo dragon.
The komodo dragon is moderately wounded.
The komodo dragon bites you!
You hit the komodo dragon.
The komodo dragon is heavily wounded.
The komodo dragon bites you!!
* * * LOW HITPOINT WARNING * * *
You hit the komodo dragon but do no damage.
The komodo dragon is heavily wounded.
You hit the komodo dragon. You headbutt the komodo dragon!
The komodo dragon is severely wounded.
The komodo dragon bites you!
You die...

.........#.# #.....#
..####.#.#.# ..... ###
#.#.#.# ..... #.....# ...
###.### ... # ###..## #.#
## ## ##.....### #.##.##
.##.PP..P...#####.#...####
.#P.PPP......#.l@........+
.#PPPPPP.P.....##.....####
##PP..lPPPP....####..##
##PP.>.lPPPP..## #.##


#PP..PPPPPPP## #.# #PPPPPPPPP## #.# ########## $.. #.# #.# You could see a
komodo dragon.

Vanquished Creatures
  Pikel (D:6)
  Grinder (D:6)
  Prince Ribbit (D:8)
  A wyvern (D:6)
  Eustachio (D:6)
  An ice beast (D:6)
  A sky beast (D:8)
  2 ogres
  A phantom (D:7)
  A centaur (D:3)
  A lemure (D:5)
  4 bullfrogs
  A wyvern zombie (D:7)
  3 scorpions
  4 wights
  A quasit (D:7)
  3 hounds
  A jelly (D:7)
  An orc priest (D:2)
  2 bullfrog skeletons
  7 worker ants
  2 iguanas
  8 orc wizards
  3 gnolls (D:7)
  9 adders
  A shadow imp (D:6)
  An adder skeleton (D:4)
  2 worms
  3 dart slugs
  2 leopard geckos (D:4)
  27 orcs
  3 ball pythons (D:1)
  5 bats
  6 giant cockroaches
  8 goblins
  7 hobgoblins
  15 jackals
  5 kobolds
  2 quokkas
  A frilled lizard (D:4)
  A quokka skeleton (D:5)
  9 rats
  A lurking horror (D:4)
160 creatures vanquished.

Vanquished Creatures (others)
  2 plants (D:8)
2 creatures vanquished.

Grand Total: 162 creatures vanquished

Notes
Turn   | Place    | Note
-------+----------+-------------------------------------------
     0 | D:1      | Dirian the Minotaur Fighter began the quest for the Orb.
     0 | D:1      | Reached XP level 1. HP: 19/19 MP: 0/0
   117 | D:1      | Reached XP level 2. HP: 16/27 MP: 1/1
   391 | D:1      | Reached XP level 3. HP: 30/33 MP: 2/2
   736 | D:2      | Reached skill level 3 in Long Blades
   818 | D:2      | Reached XP level 4. HP: 39/40 MP: 3/3
  1637 | D:3      | Noticed a centaur
  1641 | D:3      | Killed a centaur
  1642 | D:3      | Reached skill level 4 in Long Blades
  1642 | D:3      | Reached skill level 5 in Shields
  1642 | D:3      | Reached XP level 5. HP: 47/47 MP: 4/4
  1656 | D:3      | Reached skill level 5 in Armour
  2117 | D:3      | Reached XP level 6. HP: 53/53 MP: 5/5
  2312 | D:3      | Reached skill level 5 in Long Blades
  2342 | D:3      | Found a glowing golden altar of the Shining One.
  2343 | D:3      | Found a bloodstained altar of Trog.
  2761 | D:4      | Found a corrupted altar of Lugonu.
  2762 | D:4      | Found a one-way gate to the infinite horrors of the Abyss.
  2898 | D:4      | Reached skill level 5 in Fighting
  2898 | D:4      | Reached skill level 6 in Long Blades
  3015 | D:4      | Reached XP level 7. HP: 48/61 MP: 6/6
  3526 | D:4      | Got a spiked leather armour
  3538 | D:4      | Identified the +0 leather armour of Dice, Bag, and Bottle
                  | {rN++ Will- Str+4} (You found it on level 4 of the Dungeon)
  3589 | D:5      | Entered Level 5 of the Dungeon
  3675 | D:5      | Reached skill level 7 in Long Blades
  4401 | D:6      | Found a staircase to the Ecumenical Temple.
  4401 | D:6      | Noticed Pikel
  4449 | D:6      | Paralysed by Pikel for 3 turns
  4462 | D:6      | Killed Pikel
  4463 | D:6      | Reached skill level 9 in Long Blades
  4463 | D:6      | Reached XP level 8. HP: 64/70 MP: 7/7
  4873 | Temple   | Entered the Ecumenical Temple
  5035 | Temple   | Became a worshipper of Zin the Law-Giver
  5035 | Temple   | Reached * piety under Zin
  5115 | D:6      | Noticed Eustachio
  5137 | D:6      | Killed Eustachio
  5142 | D:6      | Reached skill level 1 in Invocations
  5292 | D:6      | Reached skill level 10 in Long Blades
  5408 | D:6      | Noticed Grinder
  5416 | D:6      | Paralysed by Grinder for 5 turns
  5428 | D:6      | Killed Grinder
  5429 | D:6      | Reached XP level 9. HP: 55/78 MP: 9/9
  5761 | D:6      | Reached ** piety under Zin
  6484 | D:7      | Found an ornate altar of the Wu Jian Council.
  7532 | D:8      | Reached skill level 11 in Long Blades
  7589 | D:8      | Noticed Prince Ribbit
  7597 | D:8      | Killed Prince Ribbit
  7728 | D:8      | Found a staircase to the Lair.
  7729 | D:8      | Noticed a komodo dragon
  7758 | D:8      | Mangled by a komodo dragon

Illustrated notes

Levels and vault maps discovered:
D:1:      minmay_arrival_loop, layout_rooms
D:2:      cheibrodos_pilgrimage, layout_loops_cross
D:3:      layout_rooms, nicolae_overflow_hidden_temple
D:4:      layout_loops_ring, minivault_5, amcnicky_altar_lugonu_corruption
D:5:      layout_basic, kennysheep_small_circle
D:6:      layout_gridville, minmay_temple_entry_junction, uniq_eustachio,
          uniq_grinder, uniq_pikel
D:7:      layout_basic, basic_altar, st_stairs_3
D:8:      layout_loops_corners, david_lair_shrubbed, abandoned_shop,
          uniq_prince_ribbit1
Temple:   regret_index_temple_mists

Skill      XL: |  1  2  3  4  5  6  7  8  9 |
---------------+----------------------------+-----
Shields        | 4 5 |  5.1
Armour         | 4 5 6 7 9 |  9.0
Fighting       | 4 5 6 7 |  7.3
Long Blades    | 3 4 6 9 10 11 | 11.1
Invocations    | 2 3 |  3.6

Action                   |  1- 3 |  4- 6 |  7- 9 || total
-------------------------+-------+-------+-------++-------
Melee: Long sword        |    83 |   166 |   263 ||   512
       Headbutt          |     6 |    38 |    49 ||    93
  Use: Scroll            |       |       |    19 ||    19
       Potion            |       |       |     2 ||     2
Armor: Scale mail        |    52 |    22 |       ||    74
       Chain mail        |       |    48 |   121 ||   169
Dodge: Dodged            |    43 |    27 |    49 ||   119
Block: Kite shield       |    56 |    90 |   132 ||   278
       Rpst.: Long sword |     3 |     5 |    10 ||    18
